AoeStats
← rettet_den_Wald

Arabia

510549641Analyzed
1v1 RM · 1d ago on Oct 1, 2026· 47m 27s· 2 players
Game mode
Random Map
Map size
Tiny (2 player)
Population
200
Speed
Normal
Resources
Standard
Victory
Conquest
Starting age
Dark Age
Ending age
Imperial Age
RankedLock teamsTeams togetherTeam positionsShared explorationLock speedFull tech treeHidden civsTurbo modeCheats
Victory
Defeat
🇩🇪 Slavs · Germany
794
+16
🇦🇷 Magyars · Argentina
801
-16
rettet_den_Wald
3:21 Loom
12:44 Feudal Age
13:46 Horse Collar
14:04 Double-Bit Axe
19:54 Castle Age
19:56 Scale Mail Armor
20:19 Gold Mining
20:47 Bow Saw
20:54 Heavy Plow
20:41 Pikeman
27:16 Wheelbarrow
29:06 Hand Cart
30:18 Fletching
30:30 Padded Archer Armor
32:08 Squires
33:02 Ballistics
32:53 Masonry
33:23 Chain Mail Armor
33:19 Forging
33:31 Husbandry
35:20 Bloodlines
34:30 Light Cavalry
35:37 Bodkin Arrow
35:59 Leather Archer Armor
36:20 Iron Casting
35:51 Scale Barding Armor
36:18 Town Watch
40:15 Imperial Age
37:52 Detinets
38:38 Man-at-Arms
39:18 Squires
40:09 Chain Barding Armor
39:57 Long Swordsman
41:04 Two-Handed Swordsman
41:07 Halberdier
42:18 Conscription
42:25 Druzhina
43:03 Hoardings
43:21 Plate Mail Armor
43:52 Blast Furnace
43:23 Ring Archer Armor
43:44 Onager
44:31 Champion
45:03 Hussar
46:58 Chemistry
46:04 Siege Engineers
45:52 Siege Onager
TEC212426
1:52 Loom
11:33 Feudal Age
12:48 Double-Bit Axe
14:51 Horse Collar
16:05 Bloodlines
18:53 Scale Barding Armor
21:33 Town Watch
24:22 Castle Age
24:35 Fletching
24:26 Light Cavalry
26:30 Bow Saw
27:09 Heavy Plow
27:16 Husbandry
27:53 Thumb Ring
30:33 Bodkin Arrow
34:48 Ballistics
36:37 Masonry
36:32 Padded Archer Armor
36:52 Chain Barding Armor
37:36 Town Patrol
38:14 Wheelbarrow
40:44 Imperial Age
39:47 Hand Cart
41:37 Heavy Cavalry Archer
44:11 Hoardings
44:14 Recurve Bow
46:34 Two-Man Saw
46:16 Parthian Tactics
45:54 Bracer
46:12 Gold Mining
46:12 Stone Mining
46:54 Conscription
47:54 Chemistry
46:25 Hussar
Connection lost

Rejoining the realm…

Still unreachable

The connection could not be restored.

Session expired

The server has moved on; the page needs a fresh start.